 Dungeon Crawl Stone Soup version 0.28.0-1-gb440e238dd (webtiles) character file.

Game seed: 13742962031596118841

32867 Descartes the Blocker (level 14, -4/98 HPs)
             Began as a Formicid Warper on Feb 26, 2022.
             Was an Initiate of Gozag.
             Killed from afar by a swamp worm (6 damage)
             ... with a harpoon shot
             ... on level 5 of the Lair of Beasts.
             The game lasted 00:41:48 (16294 turns).

Descartes the Blocker (Formicid Warper)            Turns: 16294, Time: 00:41:48

Health: -4/98      AC: 17    Str: 26    XL:     14   Next: 5%
Magic:  11/21      EV:  5    Int: 11    God:    Gozag
Gold:   3070       SH:  0    Dex: 21    Spells: 15/23 levels left

rFire   . . .      SeeInvis +   L - +7 trident "Bomp" {flame, rN+ Str+3 Int-2 Dex+3}
rCold   + . .      Faith    .   k - +0 buckler of Cowardice {Dex+4}
rNeg    + . .      Spirit   .   G - +2 chain mail {rC+}
rPois   +          Reflect  .   (helmet unavailable)
rElec   .          Harm     .   s - +1 cloak {rPois}
rCorr   +          Rampage  .   a - +0 pair of gloves of Skepticism {Str+2}
Will    +....                   M - +0 pair of boots "Wuedel" {Dex+4}
Stlth   ..........              o - amulet of regeneration
HPRegen 1.06/turn               N - ring of resist corrosion
MPRegen 0.17/turn               P - ring of wizardry

@: held, studying Axes
A: permanent stasis, dig shafts and tunnels, antennae 3, four strong arms
a: Dig, Shaft Self, Renounce Religion, Potion Petition, Call Merchant, Bribe
Branch


You were on level 5 of the Lair of Beasts.
You worshipped Gozag.
Gozag was most pleased with you.
You visited 3 branches of the dungeon, and saw 15 of its levels.
You also visited: Ossuary.

You collected 3276 gold pieces.
You paid 206 gold pieces to Gozag.

Inventory:

Hand Weapons
 j - a +2 dagger of venom
 C - a +2 whip of electrocution
 L - the +7 trident "Bomp" (weapon) {flame, rN+ Str+3 Int-2 Dex+3}
   (You found it on level 6 of the Dungeon)

   It burns those it strikes, dealing additional fire damage.
   Str:       It affects your strength (+3).
   Int:       It affects your intelligence (-2).
   Dex:       It affects your dexterity (+3).
   rN:        It protects you from negative energy.
 R - a +1 flail of holy wrath
 W - the +12 falchion of Kauli {vamp, +Blink rC- rN+ Str+2}
   (You found it on level 7 of the Dungeon)

   It occasionally heals its wielder for a portion of the damage dealt when it
   wounds a living foe.
   Str:       It affects your strength (+2).
   rC:        It makes you vulnerable to cold.
   rN:        It protects you from negative energy.
   +Blink:    It lets you blink.
 Y - a +2 hand axe of venom
 Z - a +2 long sword of freezing
Missiles
 c - 5 boomerangs of dispersal (quivered)
 d - 41 poisoned darts
 e - 334 stones
 f - 2 boomerangs
 Q - 2 curare-tipped darts
Armour
 a - the +0 pair of gloves of Skepticism (worn) {Str+2}
   (You found it on level 1 of the Lair of Beasts)

   Str:       It affects your strength (+2).
 k - the +0 buckler of Cowardice (worn) {Dex+4}
   (You found it on level 2 of the Lair of Beasts)

   Dex:       It affects your dexterity (+4).
 s - a +1 cloak of poison resistance (worn)
 w - a +2 robe of willpower
 G - a +2 chain mail of cold resistance (worn)
 M - the +0 pair of boots "Wuedel" (worn) {Dex+4}
   (You found it on level 7 of the Dungeon)

   Dex:       It affects your dexterity (+4).
 V - a +0 kite shield
Jewellery
 o - an amulet of regeneration (around neck)
 N - a ring of resist corrosion (left hand)
 P - a ring of wizardry (right hand)
Wands
 n - a wand of flame (14)
 F - a wand of polymorph (18)
 T - a wand of acid (8)
 U - a wand of mindburst (11)
Scrolls
 b - 4 scrolls of fog {unknown}
 h - 3 scrolls of vulnerability {unknown}
 m - 5 scrolls of immolation
 p - a scroll of fear
 r - 2 scrolls of silence
 t - 3 scrolls of identify
 x - 2 scrolls of brand weapon
 y - a scroll of torment
 D - a scroll of summoning
 E - 2 scrolls of amnesia {unknown}
 H - 2 scrolls of magic mapping
 K - 3 scrolls of enchant armour {unknown}
Potions
 g - a potion of resistance {unknown}
 i - 5 potions of haste {unknown}
 l - 5 potions of attraction {unknown}
 q - 3 potions of mutation {unknown}
 u - 2 potions of degeneration {unknown}
 v - 5 potions of flight {unknown}
 z - 7 potions of might
 A - 10 potions of curing {unknown}
 B - a potion of invisibility {unknown}
 I - a potion of ambrosia
 J - a potion of magic {unknown}
 O - 2 potions of cancellation {unknown}
 S - 2 potions of lignification {unknown}


   Skills:
 - Level 5.0 Fighting
 - Level 4.1(5.0) Short Blades
 - Level 4.1(5.0) Long Blades
 + Level 10.3(11.6) Axes
 - Level 2.4(7.0) Maces & Flails
 - Level 8.2(10.5) Polearms
 - Level 1.0 Throwing
 + Level 7.4 Armour
 - Level 2.0 Dodging
 + Level 12.8 Shields
 - Level 5.0 Spellcasting
 + Level 10.9 Translocations
 + Level 6.8 Evocations


You had 15 spell levels left.
You knew the following spells:

 Your Spells              Type           Power      Damage    Failure   Level
a - Manifold Assault      Tloc           26%        N/A       16%         5
b - Teleport Other        Tloc           26%        N/A       1%          3

Your spell library contained the following spells:

 Spells                   Type           Power      Damage    Failure   Level
 Gell's Gravitas          Tloc           26%        N/A       1%          3
 Lesser Beckoning         Tloc           26%        N/A       1%          3
 Freeze                   Ice            8%         1d3       45%         1
 Magic Dart               Conj           8%         1d3       45%         1
 Slow                     Hex            8%         N/A       45%         1
 Summon Small Mammal      Summ           8%         N/A       45%         1
 Iskenderun's Mystic Bla  Conj/Tloc      14%        2d5       45%         4
 Call Imp                 Summ           2%         N/A       58%         2
 Static Discharge         Conj/Air       2%         N/A       58%         2
 Confusing Touch          Hex            2%         N/A       80%         3
 Dazzling Flash           Conj/Hex       4%         N/A       80%         3
 Frozen Ramparts          Ice            4%         1d2       80%         3
 Mephitic Cloud           Conj/Pois/Air  2%         N/A       80%         3
 Summon Guardian Golem    Hex/Summ       2%         N/A       80%         3
 Vampiric Draining        Necr           2%         2d6       80%         3
 Hailstorm                Conj/Ice       2%         3d3       99%         4
 Leda's Liquefaction      Hex/Erth       1%         N/A       99%         4
 Fireball                 Conj/Fire      1%         3d3       100%        5
 Lee's Rapid Deconstruct  Erth           1%         3d5*      100%        5
 Lightning Bolt           Conj/Air       1%         1d12      100%        5
 Starburst                Conj/Fire      1%         6d3       100%        6
 Statue Form              Tmut/Erth      1%         N/A       100%        6
 Summon Cactus Giant      Summ           1%         N/A       100%        6
 Orb of Destruction       Conj           1%         9d5       100%        7
 Spellforged Servitor     Conj/Summ      1%         N/A       100%        7
 Summon Hydra             Summ           1%         N/A       100%        7
 Maxwell's Capacitive Co  Air            1%         ∞         100%        8
 Blink                    Tloc           Unusable   N/A       N/A         2

Dungeon Overview and Level Annotations

Branches:
Dungeon (9/15)             Temple (1/1) D:7            Lair (5/6) D:9
 Shoals (0/4) Lair:2       Spider (0/4) Lair:4      Ossuary (visited)
  Slime: Lair:5-6       Orc: D:9-12

Altars:
Ashenzari
Cheibriados
Dithmenos
Elyvilon
Fedhas
Gozag
Hepliaklqana
Kikubaaqudgha
Makhleb
Nemelex Xobeh
Okawaru
Qazlal
Ru
Sif Muna
Trog
Uskayaw
Vehumet
Wu Jian
Xom
Yredelemnul
Zin
The Shining One

Portals:
Abyss: D:4

Annotations:
D:4 2 transporters, Ablot's ghost, amateur GnWr
Lair:5 3 transporters, Mumum's ghost, journeyman DrFE


Innate Abilities, Weirdness & Mutations

You cannot be hasted, slowed, berserked, paralysed or teleported.
You can dig through walls and to a lower floor.
You have a pair of large antennae on your head. (SInv)
Your four strong arms can wield two-handed weapons with a shield.


Message History

Unknown command.
You struggle against the net.
The swamp worm fires a harpoon shot at you.
The harpoon shot hits you but does no damage.
The swamp worm fires a harpoon shot at you.
The harpoon shot hits you!
You are yanked forward by the harpoon shot.
You violently stop moving!
Really walk into that net trap?
You become entangled in the net!
The swamp worm fires a harpoon shot at you.
The harpoon shot hits you!
You are yanked forward by the harpoon shot.
You collide with the briar patch!
The briar patch is destroyed!
There is a net trap, spattered with blood here.
You see here a throwing net.
Unknown command.
Casting: Manifold Assault (dangerous; 16% risk of failure)
Confirm with . or Enter, or press ? or * to list all spells.
Space momentarily warps into an impossible shape!
You puncture the swamp worm! You burn the swamp worm. You hit the swamp worm.
You burn the swamp worm.
Unknown command.
Casting: Manifold Assault (dangerous; 16% risk of failure)
Confirm with . or Enter, or press ? or * to list all spells.
Space momentarily warps into an impossible shape!
You closely miss the swamp worm. You puncture the swamp worm!
You burn the swamp worm.
The swamp worm fires a harpoon shot at you.
The harpoon shot hits you!!
* * * LOW HITPOINT WARNING * * *
You are yanked forward by the harpoon shot.
You collide with the briar patch!
The briar patch is almost destroyed.
* * * LOW HITPOINT WARNING * * *
The swamp worm fires a harpoon shot at you.
The harpoon shot hits you.
You die...
Your body crumbles into a pile of gold.

###.# ##........?.####
#.#.#####.#.........## #
##....##.#..P.........###
####................##....##
#.#...#########..........#.#
##....##w#♣#w##...........##
#.####≈≈#≈≈§≈##...........# #
##.#[!#PP○PPP.P#..........#. #
#.©#©$+☼^^^@^^©#©.......###. #
#..#=/#PPP☼..PP#........# #. #
#..####≈≈≈#≈≈≈##........# ## #
##....#$#♣#w#♣#........P# #. #
#....#########.........# #.
#### ##..#..................#
##
#..#####....P#...#...........##
#
.....#...P#..#..#.###.#......P#
................#.#.###.....###
#


You could see 3 swamp worms.

Vanquished Creatures
  5 hydras
  Pikel (D:4)
  A lindwurm (Lair:3)
  An oklob plant (Lair:3)
  A torpor snail (Lair:4)
  6 elephants (Lair:5)
  4 black mambas
  6 cane toads
  7 komodo dragons
  2 rime drakes
  A troll (D:9)
  3 polar bears (Lair:3)
  A hornet (D:7)
  16 blink frogs
  4 jumping spiders (Lair:4)
  Sigmund (D:4)
  2 culicivoras (Lair:4)
  60 yaks
  A wraith (D:5)
  3 basilisks
  2 wyverns
  A steam dragon (D:8)
  A redback (Lair:4)
  Edmund (D:3)
  A swamp worm (Lair:5)
  12 water moccasins
  An acid dragon (D:8)
  Duvessa (D:6)
  A sky beast (D:6)
  4 orc warriors
  2 necrophages
  An ogre (D:2)
  8 wolves
  2 centaurs
  A phantom (D:7)
  3 kobold brigands
  6 bullfrogs
  2 gnoll sergeants (D:8)
  3 scorpions
  A water moccasin zombie (D:6)
  Dowan (D:6)
  5 killer bees (D:8)
  A water moccasin skeleton (D:5)
  4 electric eels
  A howler monkey (D:9)
  A centaur zombie (D:9)
  5 jellies
  2 bullfrog skeletons
  4 orc priests
  A centaur skeleton (D:5)
  5 hounds
  2 gnoll shamans (D:8)
  3 iguanas
  Ijyb (D:5)
  A scorpion zombie (D:4)
  6 orc wizards
  A killer bee zombie (D:8)
  8 mummies (Ossuary)
  6 gnolls
  8 adders
  A white imp (D:8)
  3 ufetubi
  3 dart slugs
  18 orcs
  8 ball pythons
  7 endoplasms
  3 giant cockroaches (D:2)
  A gnoll zombie (Ossuary)
  8 hobgoblins
  5 jackals
  6 quokkas
  3 bats
  2 frilled lizards
  3 goblins
  3 hobgoblin zombies (Ossuary)
  25 kobolds
  3 kobold zombies (Ossuary)
  An orc zombie (Ossuary)
  7 rats
  A briar patch (Lair:5)
357 creatures vanquished.

Vanquished Creatures (others)
  An adder (D:3)
  2 briar patches (Lair:5)
  8 fungi
  7 plants
18 creatures vanquished.

Grand Total: 375 creatures vanquished

Notes
Turn   | Place    | Note
-------+----------+-------------------------------------------
     0 | D:1      | Descartes the Formicid Warper began the quest for the Orb.
     0 | D:1      | Reached XP level 1. HP: 16/16 MP: 3/3
   191 | D:1      | Reached XP level 2. HP: 20/22 MP: 5/5
   415 | D:1      | Found a faded altar of an unknown god.
  1123 | D:2      | Reached XP level 3. HP: 28/28 MP: 6/6
  1167 | D:2      | Noticed an ogre
  1841 | D:2      | Reached skill level 1 in Shields
  1845 | D:2      | Reached XP level 4. HP: 32/34 MP: 7/7
  1867 | D:2      | Killed an ogre
  1868 | D:2      | Reached skill level 1 in Short Blades
  1868 | D:2      | Reached skill level 1 in Evocations
  1868 | D:2      | Reached XP level 5. HP: 32/39 MP: 7/9
  3256 | D:3      | Reached XP level 6. HP: 24/46 MP: 10/10
  3316 | D:3      | Found a stormy altar of Qazlal.
  3343 | D:3      | Reached skill level 2 in Shields
  3981 | D:4      | Noticed Sigmund
  4017 | D:4      | Killed Sigmund
  4018 | D:4      | Reached XP level 7. HP: 44/52 MP: 10/12
  4060 | D:4      | Noticed Edmund
  4148 | D:3      | Killed Edmund
  4172 | D:4      | Found a transporter.
  4177 | D:4      | Found a one-way gate to the infinite horrors of the Abyss.
  4177 | D:4      | Noticed Ablot's ghost (amateur GnWr)
  4204 | D:4      | Reached skill level 3 in Shields
  4350 | D:4      | Reached XP level 8. HP: 57/60 MP: 13/13
  4506 | D:4      | Got Sif Muna's Volume of Summoning and Heat
  4513 | D:4      | Learned a level 5 spell: Manifold Assault
  4523 | D:4      | Found a transporter.
  4763 | D:5      | Entered Level 5 of the Dungeon
  4763 | D:5      | Noticed Pikel
  4787 | D:4      | Killed Pikel
  4893 | D:5      | Reached skill level 4 in Shields
  5109 | D:5      | Reached XP level 9. HP: 60/66 MP: 15/15
  5292 | D:5      | Reached skill level 1 in Maces & Flails
  5460 | D:5      | Noticed Ijyb
  5520 | D:5      | Killed Ijyb
  5799 | D:6      | Found a sand-covered staircase.
  5815 | Ossuary  | Entered an ossuary
  5909 | Ossuary  | Reached skill level 5 in Fighting
  6294 | D:6      | Noticed Dowan
  6295 | D:6      | Noticed Duvessa
  6308 | D:6      | Killed Dowan
  6320 | D:6      | Killed Duvessa
  6321 | D:6      | Reached skill level 5 in Shields
  6501 | D:6      | Identified the +7 trident "Bomp" {flame, rN+ Str+3 Int-2
                  | Dex+3}
  6773 | D:7      | Found a staircase to the Ecumenical Temple.
  6784 | D:7      | Reached skill level 5 in Spellcasting
  6802 | D:7      | Identified the +0 pair of boots "Wuedel" {Dex+4}
  6811 | Temple   | Entered the Ecumenical Temple
  6836 | Temple   | Became a worshipper of Gozag Ym Sagoz the Greedy
  7158 | Temple   | Reached skill level 5 in Axes
  7170 | Temple   | Reached skill level 5 in Translocations
  7212 | D:7      | Reached skill level 1 in Polearms
  7212 | D:7      | Reached skill level 5 in Armour
  7212 | D:7      | Reached XP level 10. HP: 60/74 MP: 17/17
  7336 | D:7      | Reached skill level 5 in Evocations
  7365 | D:7      | Identified the +12 falchion of Kauli {vamp, +Blink rC- rN+
                  | Str+2}
  8695 | D:9      | Reached skill level 5 in Polearms
  8705 | D:9      | Reached XP level 11. HP: 79/79 MP: 18/18
  8959 | D:9      | Reached skill level 6 in Shields
  8968 | D:9      | Reached skill level 1 in Long Blades
  9303 | D:9      | Found a staircase to the Lair.
  9936 | Lair:1   | Entered Level 1 of the Lair of Beasts
  9944 | Lair:1   | Reached skill level 7 in Shields
 10218 | Lair:1   | Reached XP level 12. HP: 79/86 MP: 19/19
 10497 | Lair:1   | Reached skill level 8 in Shields
 10763 | Lair:1   | Identified the +0 pair of gloves of Skepticism {Str+2}
 11305 | Lair:2   | Identified the +0 buckler of Cowardice {Dex+4}
 11432 | Lair:1   | Reached skill level 9 in Shields
 11664 | Lair:2   | Found a staircase to the Shoals.
 11685 | Lair:2   | You fall into a shaft and drop 1 floor!
 11933 | Lair:2   | Noticed a six-headed hydra
 11944 | Lair:2   | Killed a six-headed hydra
 12615 | Lair:2   | Reached skill level 10 in Shields
 12863 | Lair:3   | Reached skill level 10 in Translocations
 12863 | Lair:3   | Reached XP level 13. HP: 87/91 MP: 20/20
 12964 | Lair:3   | Reached skill level 11 in Shields
 13594 | Lair:3   | Found a sparkling altar of Nemelex Xobeh.
 13779 | Lair:3   | Noticed a four-headed hydra
 13789 | Lair:3   | Killed a four-headed hydra
 13790 | Lair:3   | Reached skill level 12 in Shields
 13993 | Lair:3   | Learned a level 3 spell: Teleport Other
 14056 | Lair:4   | Found a hole to the Spider Nest.
 14108 | Lair:4   | Noticed a seven-headed hydra
 14117 | Lair:4   | Killed a seven-headed hydra
 14234 | Lair:4   | Noticed a seven-headed hydra
 14241 | Lair:4   | Killed a seven-headed hydra
 15259 | Lair:5   | Found a transporter.
 15266 | Lair:5   | Noticed an eight-headed hydra
 15285 | Lair:5   | Killed an eight-headed hydra
 15640 | Lair:5   | Found a transporter.
 15711 | Lair:5   | Found a transporter.
 15711 | Lair:5   | Found a transporter.
 15712 | Lair:5   | Noticed Mumum's ghost (journeyman DrFE)
 15727 | Lair:5   | Reached skill level 10 in Axes
 15801 | Lair:5   | Reached XP level 14. HP: 59/98 MP: 13/21
 16294 | Lair:5   | HP: 2/98 [briar patch collision (12)]
 16294 | Lair:5   | Killed from afar by a swamp worm

Illustrated notes

Levels and vault maps discovered:
D:1:      zaba_arrival_water, layout_loops_ring,
          ebering_ecumenical_altar_abandoned, minmay_misc_feat_five
D:2:      layout_basic, minmay_misc_feat_cross
D:3:      cheibrodos_thug_alley, layout_basic, grunt_qazlal_clouds,
          minmay_liquid_box, eino_tiny_chamber
D:4:      layout_gridville, gammafunk_ghost_abyssal_escape,
          sigmund_edmund_badplayer, uniq_sigmund
D:5:      layout_loops_cross, uniq_edmund, uniq_ijyb, uniq_pikel
D:6:      layout_rooms, chequers_ossuary_entry_cave, minmay_fountain_box,
          uniq_duvessa
D:7:      layout_rooms, minmay_temple_entry_glass, serial_rivers,
          chequers_serial_rivers_micro_a, chequers_serial_rivers_micro_a,
          chequers_serial_rivers_large_b, chequers_serial_rivers_micro_a,
          chequers_serial_rivers_micro_a, chequers_serial_rivers_micro_a,
          uniq_crazy_yiuf_cottage
D:8:      cheibrodos_iron_armory, layout_basic, minmay_misc_feat_four_crosses,
          minmay_between
D:9:      layout_loops_cross, erik_lair_island
Temple:   mainiacjoe_temple_circle_huts
Lair:1:   layout_cave_pods
Lair:2:   layout_hall_layers, elwin_shoals_entry_rocks, serial_bayou_shore_b
Lair:3:   dpeg_oklob_gauntlet, layout_chaotic_city, basic_altar
Lair:4:   layout_gridlike, nicolae_spider_entry_tight_spaces
Lair:5:   gammafunk_worm_tunnel, layout_hall_layers, gammafunk_ghost_hive,
          hibernation_bobbens

Skill      XL: |  1  2  3  4  5  6  7  8  9 10 11 12 13 |
---------------+----------------------------------------+-----
Dodging        | 2 |  2.0
Shields        | 1 2 3 4 5 7 10 12 | 12.8
Short Blades   | 1 2 3 4 |  4.1
Translocations | 3 4 5 7 8 10 | 10.9
Evocations     | 1 2 3 4 5 6 |  6.8
Armour         | 2 3 5 7 |  7.4
Spellcasting   | 3 4 5 |  5.0
Fighting       | 3 4 5 |  5.0
Axes           | 3 4 5 7 8 10 | 10.3
Maces & Flails | 2 |  2.4
Polearms       | 1 5 6 8 |  8.2
Long Blades    | 4 |  4.1
Throwing       | |  1.0

Action                   |  1- 3 |  4- 6 |  7- 9 | 10-12 | 13-15 || total
-------------------------+-------+-------+-------+-------+-------++-------
Melee: Hand axe          |    31 |       |       |       |       ||    31
       Dagger            |    54 |   179 |   284 |       |       ||   517
       Punch             |     3 |     2 |     7 |       |       ||    12
       Whip              |       |       |   178 |       |       ||   178
       Trident           |       |       |    31 |   153 |   274 ||   458
       Unarmed           |       |       |     4 |       |       ||     4
       Falchion          |       |       |       |   538 |   178 ||   716
 Cast: Manifold Assault  |       |       |       |       |    12 ||    12
       Teleport Other    |       |       |       |       |     1 ||     1
 Abil: Dig               |       |       |       |     1 |       ||     1
Evoke: Wand              |       |       |       |     5 |     2 ||     7
  Use: Scroll            |       |       |     7 |     4 |       ||    11
       Potion            |       |       |       |       |     4 ||     4
 Stab: Distracted        |       |       |       |     2 |       ||     2
Armor: Leather armour    |     3 |       |       |       |       ||     3
       Ring mail         |    30 |    12 |       |       |       ||    42
       Plate armour      |       |    82 |   126 |       |       ||   208
       Chain mail        |       |       |   130 |   296 |   208 ||   634
       Skin              |       |       |     2 |       |       ||     2
Dodge: Dodged            |    50 |    55 |   161 |   246 |   157 ||   669
Block: Kite shield       |       |       |       |   205 |       ||   205
       Buckler           |       |       |       |    95 |   195 ||   290
